 Dungeon Crawl Stone Soup version 0.31-a0-557-g6e16503903 (webtiles) character file.

Game seed: 13159542988449440694

39 wazuzu the Caller (level 3, -1/21 HPs)
             Began as a Felid Summoner on Aug 16, 2023.
             Succumbed to Terence's poison
             ... on level 2 of the Dungeon.
             The game lasted 00:04:27 (1549 turns).

wazuzu the Caller (Felid Summoner)                  Turns: 1549, Time: 00:04:27

Health: -1/21      AC: 21    Str:  4    XL:     3   Next: 26%
Magic:  1/7        EV:  4    Int: 18    God:
Gold:   39         SH:  0    Dex: 16    Spells: 3/6 levels left
                                        Lives:  0   Deaths: 0

rFire   . . .        (weapon unavailable)
rCold   . . .        (shield unavailable)
rNeg    . . .        (body armour unavailable)
rPois   +            (helmet unavailable)
rElec   .            (cloak unavailable)
rCorr   .            (gloves unavailable)
SInv    +            (boots unavailable)
Will    .....        (no amulet)
Stlth   ++           (no ring)
HPRegen 0.23/turn    (no ring)
MPRegen 0.10/turn

%: no passive effects
@: lethally poisoned (-1 -> -13), tree-form
A: stationary, stasis, torment immunity, boosted hp, very small, (claws 1),
(fangs 3), see invisible, (speed 1), (shaggy fur 1), (stealthy paws), no weapons
or thrown items, no armour, multi-lived
a: no special abilities


You were on level 2 of the Dungeon.
You were a tree.
You visited 1 branch of the dungeon, and saw 2 of its levels.

You collected 39 gold pieces.


Innate Abilities, Weirdness & Mutations

You are a tree.
Your roots penetrate the ground, keeping you stationary.
You cannot be teleported.
You are immune to unholy pain and torment.
Your maximum health is greatly increased.
((You have sharp claws.))
((You have razor-sharp teeth.))
You have supernaturally acute eyesight. (SInv)
((You cover ground quickly. (Speed+)))
((You are covered in fur. (AC +1)))
((Your paws help you pounce on unaware monsters.))
You are incapable of wielding weapons or throwing items.
You cannot wear armour.
You gain extra lives every three experience levels.


   Skills:
 - Level 2.6 Dodging
 - Level 2.6 Stealth
 - Level 2.0 Spellcasting
 + Level 5.1 Summonings


You had 3 spell levels left.
You knew the following spells:

 Your Spells              Type           Power      Damage    Failure   Level
a - Summon Small Mammal   Summ           80%        N/A       2%          1
b - Call Imp              Summ           40%        N/A       3%          2

Your spell library contained the following spells:

 Spells                   Type           Power      Damage    Failure   Level
 Call Canine Familiar     Summ           20%        N/A       6%          3
 Summon Guardian Golem    Hex/Summ       11%        N/A       19%         3
 Summon Lightning Spire   Summ/Air       11%        N/A       52%         4


Dungeon Overview and Level Annotations

Branches:
Dungeon (2/15)

Altars:

Annotations:
D:2 Terence

Inventory:

Missiles
 b - 5 boomerangs
Scrolls
 c - 2 scrolls of identify {unknown}
 d - 2 scrolls of revelation {unknown}
 e - a scroll of teleportation {unknown}
 f - a scroll of silence {unknown}
 l - a scroll of enchant armour {unknown}
Potions
 a - a potion of magic
 g - a potion of mutation {unknown}
 h - a potion of lignification
 i - a potion of curing
 j - a potion of enlightenment {unknown}
 k - a potion of haste {unknown}

#.......# #.#####.#
#######.#####.####
#<.[....##...(....
##############.#.##.#...
......### #.#.#.##.#.#. #.
........# #.#<.....#.#.
.#..#####.#.####.#.######.#.
.....^....@♣5...............
#.........r.....#.##.#.#..#
..........######.#.#........
..#..###..# #.#.##.#....#
.... #..# #.#....#....# #..
#... #......#....# #. ##.#.
######......# . ....#
#...#..# #.### #...#..#


You could see Terence (ally target), a friendly cerulean imp (summoned) and a
friendly quokka (summoned).


Message History

Done exploring.
There is an open door here.
There is an open door here.
There is a stone staircase leading down here.
You climb downwards.
Found a scroll labelled CEIPPI NUTZOPN.
There is a stone staircase leading up here.
A tiny devil pulls itself out of the air.
You pounce on the unaware helpless bat!
You claw the bat!
You kill the bat!
No target in view!
Magic restored.
l - a scroll labelled CEIPPI NUTZOPN
Found 8 stones.
You now have 39 gold pieces (gained 11).
You see here 8 stones.
Found a buckler.
Found a stone staircase leading up.
There is a stone staircase leading up here.
Terence the Incautious comes into view.
He is wielding a +4 short sword of venom.
Terence is nearby!
Terence shouts!
You hear a shout!
A hobgoblin comes into view.
A tiny devil pulls itself out of the air.
Terence barely misses you.
You barely miss Terence.
Terence hits you with a +4 short sword of venom.
You are lethally poisoned!
Unknown command.
You feel very sick.
* * * LOW HITPOINT WARNING * * *
You feel sick.
Terence hits your cerulean imp with a +4 short sword of venom!
Your cerulean imp is poisoned.
Your cerulean imp hits Terence with a -2 spear.
* * * LOW HITPOINT WARNING * * *
You feel sick.
Terence hits your cerulean imp with a +4 short sword of venom!
Your cerulean imp dies!
* * * LOW HITPOINT WARNING * * *
You feel sick.
It was a potion of lignification.
You turn into a tree.
Your roots penetrate the ground.
You feel sick.
You hit the hobgoblin.
You kill the hobgoblin!
You feel sick.
Casting: Call Imp (safe; 3% risk of failure)
Confirm with . or Enter, or press ? or * to list all spells.
A tiny devil pulls itself out of the air.
You feel sick.
Terence hits your cerulean imp with a +4 short sword of venom!
Your cerulean imp is poisoned.
It was a potion of curing.
You feel better.
Casting: Call Imp (safe; 3% risk of failure)
Confirm with . or Enter, or press ? or * to list all spells.
Your cerulean imp dies!
A tiny devil pulls itself out of the air.
Terence hits you but does no damage.
You smack Terence!
Terence is heavily wounded.
Terence hits you with a +4 short sword of venom.
* * * LOW HITPOINT WARNING * * *
You are lethally poisoned!
You hit Terence but do no damage.
Terence is heavily wounded.
* * * LOW HITPOINT WARNING * * *
You feel very sick.
Your quokka bites Terence.
Terence hits you but does no damage.
You barely miss Terence.
Terence is severely wounded.
You die...

Action                     || total
---------------------------++-------
  Melee: Unarmed           ||    63
         Bite              ||    12
         Punch             ||     1
   Cast: Summon Small Mamm ||    34
         Call Imp          ||    16
    Use: Potion            ||     2
   Stab: Sleeping          ||     3
 Armour: Skin              ||     8
  Dodge: Dodged            ||    39

Levels and vault maps discovered:
D:1:      wander_arrival_abandoned_jail, layout_basic
D:2:      layout_basic, uniq_terence

Notes
Turn   | Place    | Note
-------+----------+-------------------------------------------
     0 | D:1      | wazuzu the Felid Summoner began the quest for the Orb.
     0 | D:1      | Reached XP level 1. HP: 7/7 MP: 4/4
   156 | D:1      | Reached XP level 2. HP: 11/11 MP: 1/6
   232 | D:1      | Learned a level 2 spell: Call Imp
   675 | D:1      | You fall into a shaft and drop 1 floor!
   788 | D:1      | Reached skill level 5 in Summonings
   880 | D:1      | Reached XP level 3. HP: 14/14 MP: 7/7
  1531 | D:2      | Noticed Terence
  1542 | D:2      | HP: 5/21 [poisoned by Terence]
  1547 | D:2      | HP: 5/21 [Terence/+4 short sword of venom (5)]
  1548 | D:2      | HP: 2/21 [poisoned by Terence]
  1549 | D:2      | Succumbed to Terence's poison

Vanquished Creatures
  2 ball pythons (D:1)
  3 bats
  2 endoplasms (D:1)
  A giant cockroach (D:1)
  4 hobgoblins
  4 frilled lizards (D:1)
  2 kobolds (D:1)
  3 rats (D:1)
21 creatures vanquished.

Vanquished Creatures (collateral kills)
  A dart slug (D:1)
  A bat (D:1)
  An endoplasm (D:1)
  A giant cockroach (D:1)
  2 goblins (D:1)
  2 hobgoblins (D:1)
  A kobold (D:1)
  2 ball pythons (D:1)
  2 rats (D:1)
13 creatures vanquished.

Grand Total: 34 creatures vanquished
